 Dungeon Crawl Stone Soup version 0.27.1-34-g3ba077fa99 (webtiles) character file.

Game seed: 1124561946322911667

246 McKennaii the Skirmisher (level 5, -2/42 HPs)
             Began as a Demonspawn Fighter on Jan 15, 2022.
             Was an Initiate of Makhleb.
             Slain by a hound (4 damage)
             ... on level 3 of the Dungeon.
             The game lasted 00:04:31 (3518 turns).

McKennaii the Skirmisher (Demonspawn Fighter)       Turns: 3518, Time: 00:04:31

Health: -2/42      AC:  9    Str: 18    XL:     5   Next: 84%
Magic:  5/5        EV:  5    Int:  9    God:    Makhleb [......]
Gold:   101        SH: 10    Dex: 18    Spells: 4/4 levels left

rFire    . . .     SeeInvis .   a - +0 trident
rCold    . . .     Faith    .   c - +0 kite shield
rNeg     . . .     Spirit   .   g - +0 chain mail
rPois    .         Reflect  .   (no helmet)
rElec    .         Harm     .   (no cloak)
rCorr    .         Rampage  .   (no gloves)
Will     .....                  (no boots)
Stlth    ..........             (no amulet)
HPRegen  0.14/turn              l - +6 ring of dexterity
MPRegen  0.09/turn              (no ring)

@: no status effects
A: hooves 1, powered by pain 2
a: Renounce Religion


You were on level 3 of the Dungeon.
You worshipped Makhleb.
Makhleb was noncommittal.
You visited 1 branch of the dungeon, and saw 4 of its levels.
You also visited: Sewer.

You collected 101 gold pieces.

Inventory:

Hand Weapons
 a - a +0 trident (weapon)
Armour
 c - a +0 kite shield (worn)
 g - a +0 chain mail (worn)
Jewellery
 l - a +6 ring of dexterity (left hand)
Scrolls
 f - 5 scrolls of identify {unknown}
 m - a scroll of teleportation {unknown}
 n - a scroll of fear {unknown}
Potions
 b - a potion of cancellation {unknown}
 d - a potion of might
 e - a potion of flight {unknown}
 i - a potion of resistance {unknown}
 k - 2 potions of curing {unknown}


   Skills:
 + Level 4.0 Fighting
 * Level 3.7 Polearms
 + Level 3.6 Armour
 + Level 3.6 Shields


You had 4 spell levels left.
You didn't know any spells.
Your spell library contained the following spells:

 Spells                   Type           Power      Damage    Failure   Level
 Corona                   Hex            0%         N/A       100%        1
 Ensorcelled Hibernation  Hex/Ice        0%         N/A       100%        2
 Static Discharge         Conj/Air       0%         N/A       100%        2
 Tukima's Dance           Hex            0%         N/A       100%        3
 Dispel Undead            Necr           0%         3d6       100%        4
 Sticky Flame             Conj/Fire      0%         2d3       100%        4
 Alistair's Intoxication  Tmut/Pois      0%         N/A       100%        5
 Borgnjor's Vile Clutch   Necr/Erth      0%         N/A       100%        5
 Eringya's Noxious Bog    Tmut/Pois      0%         N/A       100%        6


Dungeon Overview and Level Annotations

Branches:
Dungeon (4/15)              Sewer (visited)
 Temple: D:4-7

Altars:
Ashenzari
Makhleb
Nemelex Xobeh
Ru
Uskayaw
Vehumet


Innate Abilities, Weirdness & Mutations

You have large cloven feet.
You sometimes gain power by taking damage.


Message History

Unknown command.
You hit the centaur.
The centaur is severely wounded.
The centaur hits you.
The centaur kicks you but does no damage.
You block the hound's attack. You block the centaur's attack.
The centaur barely misses you. You block the hound's attack.
You hit the centaur. You kick the centaur, but do no damage.
The centaur is almost dead.
The centaur completely misses you. The centaur kicks you. The hound bites you.
* * * LOW HITPOINT WARNING * * *
The centaur hits you but does no damage.
The centaur kicks you but does no damage.
You block the hound's attack.
You hit the centaur but do no damage.
The centaur is almost dead.
The centaur hits you but does no damage.
The centaur kicks you.
* * * LOW HITPOINT WARNING * * *
The hound barely misses you. You block the centaur's attack.
The centaur kicks you but does no damage.
The hound bites you but does no damage.
You completely miss the centaur. You kick the centaur.
The centaur is almost dead.
You block the centaur's attack.
The centaur kicks you but does no damage.
The hound pauses to sniff the ground.
The hound bites you but does no damage.
The centaur hits you but does no damage.
The centaur kicks you but does no damage.
The hound bites you.
* * * LOW HITPOINT WARNING * * *
The centaur hits you but does no damage.
The centaur kicks you but does no damage.
You completely miss the centaur. Your kick misses the centaur.
The centaur is almost dead.
You block the hound's attack. The centaur hits you.
* * * LOW HITPOINT WARNING * * *
The centaur completely misses you. The hound bites you.
You die...

###.##...........######.#
#..#...........# #.#
##.............######.#
##............##......
#..#.....<...##......
#............##......
##............#......
#..h.........#......
#..@c............... #######
##............)<(...
##8#8#.#####.........#........
#_.#.#.#.#.8.#......##........
#_...........###..##.......###
##...........# #..##.....#.###
#.#.#.#.#.8.###..##..........
#_###.#8###.#....##..........
######### #...##.##...).####.


You could see a centaur and a hound.

Vanquished Creatures
  A bullfrog (Sewer)
  An orc priest (D:2)
  4 adders
  2 river rats (D:3)
  3 worms
  4 dart slugs
  4 orcs
  4 endoplasms
  4 giant cockroaches
  9 goblins
  6 hobgoblins
  4 jackals (D:1)
  4 kobolds
  A quokka (Sewer)
  9 ball pythons
  2 bats
  12 frilled lizards
  8 rats
82 creatures vanquished.

Notes
Turn   | Place    | Note
-------+----------+-------------------------------------------
     0 | D:1      | McKennaii the Demonspawn Fighter began the quest for the
                  | Orb.
     0 | D:1      | Reached XP level 1. HP: 18/18 MP: 1/1
   117 | D:1      | Gained mutation: You have large cloven feet. [demonic
                  | ancestry]
   117 | D:1      | Reached XP level 2. HP: 24/24 MP: 2/2
   551 | D:1      | Gained mutation: You sometimes gain a little power by
                  | taking damage. [demonic ancestry]
   551 | D:1      | Reached XP level 3. HP: 20/29 MP: 3/3
  1648 | D:3      | Gained mutation: You sometimes gain power by taking damage.
                  | [demonic ancestry]
  1648 | D:3      | Reached XP level 4. HP: 34/35 MP: 4/4
  1649 | D:3      | Found a broken altar of Ashenzari.
  1792 | D:3      | Found a burning altar of Makhleb.
  1804 | D:3      | Became a worshipper of Makhleb the Destroyer
  1950 | D:3      | Reached XP level 5. HP: 24/41 MP: 5/5
  1998 | D:3      | Found a glowing drain.
  2007 | Sewer    | Entered a sewer
  2644 | Sewer    | Identified the +4 lajatang of Honesty {vorpal, Int+3}
  3243 | D:3      | Found a sacrificial altar of Ru.
  3261 | D:3      | Found a faded altar of an unknown god.
  3430 | D:3      | Found a sparkling altar of Nemelex Xobeh.
  3430 | D:3      | Found a hide-covered altar of Uskayaw.
  3434 | D:3      | Found a radiant altar of Vehumet.
  3457 | D:4      | Reached skill level 4 in Fighting
  3482 | D:4      | Noticed a centaur
  3486 | D:4      | Noticed an ogre
  3499 | D:4      | Noticed a phantom
  3518 | D:3      | HP: 2/42 [centaur (3)]
  3518 | D:3      | Slain by a hound

Illustrated notes

Levels and vault maps discovered:
D:1:      nicolae_arrival_washed_ashore, layout_rooms, st_stairs_11
D:2:      layout_basic, serial_forest, infiniplex_forest_clump_curved,
          infiniplex_forest_lined_corner, infiniplex_forest_clump_long,
          infiniplex_forest_fountain, infiniplex_forest_clump_double,
          infiniplex_forest_clump_medium, infiniplex_forest_clump_small
D:3:      layout_rooms, mainiacjoe_overflow_alcove_4,
          nicolae_overflow_hidden_temple, cheibrodos_ashenzari_chains,
          minitemple, ebering_ecumenical_altar_hall, portal_sewer_entry_b
D:4:      layout_gridville

Skill      XL: |  1  2  3  4  5 |
---------------+----------------+-----
Polearms       | 2 3 |  3.7
Shields        | 3 |  3.6
Armour         | 3 |  3.6
Fighting       | 4 |  4.0

Action                   |  1- 3 |  4- 6 || total
-------------------------+-------+-------++-------
Melee: Trident           |   104 |   150 ||   254
       Kick              |    16 |    29 ||    45
  Use: Scroll            |       |     2 ||     2
Armor: Scale mail        |     8 |       ||     8
       Chain mail        |    48 |   100 ||   148
Dodge: Dodged            |    17 |    35 ||    52
Block: Kite shield       |    43 |    86 ||   129
